 Dungeon Crawl Stone Soup version 0.32-a0-933-ga8fa3634e4 (webtiles) character file.

Game seed: 4213316218180530516

14 freelancePsychic the Vexing (level 2, 0/21 HPs)
             Began as a Demonspawn Wanderer on Apr 14, 2024.
             Slain by a ball python (2 damage)
             ... on level 1 of the Dungeon.
             The game lasted 00:00:47 (272 turns).

freelancePsychic the Vexing (Demonspawn Wanderer)    Turns: 272, Time: 00:00:48

Health: 0/21       AC:  2    Str: 10    XL:     2   Next: 27%
Magic:  3/3        EV:  1    Int: 12    God:
Gold:   0          SH:  0    Dex: 14    Spells: 2/3 levels left

rFire   . . .        a - +0 dagger
rCold   . . .        (no shield)
rNeg    . . .        c - +0 robe
rPois   .            (helmet restricted)
rElec   .            (no cloak)
rCorr   .            (no gloves)
SInv    .            (no boots)
Will    .....        (no amulet)
Stlth   ++           (no ring)
HPRegen 0.23/turn    (no ring)
MPRegen 0.08/turn

%: no passive effects
@: constricted
A: horns 1
a: no special abilities


You were on level 1 of the Dungeon.
You visited 1 branch of the dungeon, and saw 1 of its levels.

Inventory:

Hand Weapons
 a - a +0 dagger (weapon)
Armour
 c - a +0 robe (worn)
 d - a +0 helmet
Potions
 b - a potion of heal wounds {@q2}


   Skills:
 + Level 1.5 Fighting
 + Level 0.8 Short Blades
 - Level 1.7 Dodging
 - Level 1.7 Stealth
 - Level 1.0 Spellcasting
 + Level 2.3 Hexes
 - Level 1.7 Air Magic


You had 2 spell levels left.
You knew the following spells:

 Your Spells              Type           Power      Damage    Failure   Level
a - Shock                 Conj/Air       8%         1d3       22%         1

Your spell library contained the following spells:

 Spells                   Type           Power      Damage    Failure   Level
 Jinxbite                 Hex            12%        N/A       17%         2
 Ensorcelled Hibernation  Hex/Ice        6%         N/A       28%         2
 Cigotuvi's Dreadful Rot  Necr/Alch/Air  4%         N/A       34%         2
 Mephitic Cloud           Conj/Alch/Air  2%         N/A       56%         3


Dungeon Overview and Level Annotations

Branches:
Dungeon (1/15)

Altars:


Innate Abilities, Weirdness & Mutations

You have a pair of small horns on your head.


Message History

The ball python constricts you.
* * * LOW HITPOINT WARNING * * *
You closely miss the ball python. You headbutt the ball python.
You kill the ball python!
A giant cockroach comes into view.
Things that are here:
a +0 dagger; a ball python corpse; a goblin corpse A dart slug comes into view.
Found a scroll labelled QUKKOY BEIL and a scroll labelled QILEGR HONEGAU.
An endoplasm comes into view.
Found 4 gold pieces.
Found a book of Debilitation.
Found 12 gold pieces and 2 stones.
The dart slug launches a dart at you. The slug dart misses you.
A ball python comes into view.
The ball python hisses angrily.
Found a scroll labelled ALU SUJUGGEMM.
The dart slug launches a dart at you. The slug dart misses you.
The ball python bites you. The ball python grabs you.
The ball python constricts you.
You hit the dart slug.
The dart slug is lightly wounded.
The ball python bites you.
* * * LOW HITPOINT WARNING * * *
The ball python constricts you.
You hit the dart slug.
The dart slug is moderately wounded.
The dart slug launches a dart at you. The slug dart hits you.
* * * LOW HITPOINT WARNING * * *
The ball python bites you.
* * * LOW HITPOINT WARNING * * *
The ball python constricts you.
* * * LOW HITPOINT WARNING * * *
You hit the dart slug.
The dart slug is severely wounded.
The ball python bites you.
You die...

#.#...!.....
##...........
########......!....#
#.$.......#.##.###.#
#.#.............. .#
######...............##
.
#............?...$....
#^.......w............#
#....#..@....:........
#........S..........(
#....#...............
#... #..............
### #.............
#.......##... #..?.####
## ######


You could see a dart slug and a ball python.

Vanquished Creatures
  A dart slug (D:1)
  2 bats (D:1)
  An endoplasm (D:1)
  A giant cockroach (D:1)
  A goblin (D:1)
  A hobgoblin (D:1)
  2 ball pythons (D:1)
  2 frilled lizards (D:1)
  A kobold (D:1)
12 creatures vanquished.

Notes
Turn   | Place    | Note
-------+----------+-------------------------------------------
     0 | D:1      | freelancePsychic the Demonspawn Wanderer began the quest
                  | for the Orb.
     0 | D:1      | freelancePsychic set off with the following items: a +0
                  | dagger, a potion of heal wounds {@q2}, a +0 robe, a +0
                  | helmet; and the following spell memorised: Shock; and the
                  | following spells available to memorise: Jinxbite,
                  | Ensorcelled Hibernation, Cigotuvi's Dreadful Rot, Mephitic
                  | Cloud.
     0 | D:1      | Reached XP level 1. HP: 15/15 MP: 2/2
   149 | D:1      | Gained mutation: You have a pair of small horns on your
                  | head. [demonic ancestry]
   149 | D:1      | Reached XP level 2. HP: 3/21 MP: 3/3
   271 | D:1      | HP: 1/21 [constriction (1)]
   272 | D:1      | Slain by a ball python

Illustrated notes

Levels and vault maps discovered:
D:1:      dpeg_arrival_oval, layout_rooms

Action                     || total
---------------------------++-------
  Melee: Dagger            ||    51
         Headbutt          ||     2
   Stab: Sleeping          ||     1
 Armour: Robe              ||    38
  Dodge: Dodged            ||    22

Table legend: (Time is in decaauts)
 A = Elapsed time spent in this place.
 B = Non-inter-level travel time spent in this place.
 C = Inter-level travel time spent in this place.
 D = Time resting spent in this place.
 E = Time spent auto-exploring this place.
 F = Levels seen in this place.
 G = Mean time per level.
                   A        B        C        D        E       F      G
               +--------+--------+--------+--------+--------+-----+--------+
         Total |    270 |    270 |      0 |      0 |    177 |   1 |  270.0 |
       Dungeon |    270 |    270 |      0 |      0 |    177 |   1 |  270.0 |
               +--------+--------+--------+--------+--------+-----+--------+

Top non-repeatable levels by time:
     D:1: 270 daAuts
